 Dungeon Crawl Stone Soup version 0.29-a0-319-gad05b8d819 (webtiles) character file.

Game seed: 13468736941345961494

2353 iamserjio the Martial Artist (level 9, 0/102 HPs)
             Began as a Mayflytaur Transmuter on Apr 1, 2022.
             Was an Initiate of Ashenzari.
             Slain by a wyvern (11 damage)
             ... on level 9 of the Dungeon.
             The game lasted 00:11:54 (1645 turns).

iamserjio the Martial Artist (MyTm)                 Turns: 1645, Time: 00:11:54

Health: 0/102      AC:  7    Str: 12    XL:     9   Next: 43%
Magic:  10/15      EV: 11    Int: 19    God:    Ashenzari [......]
Gold:   66         SH:  0    Dex: 15    Spells: 3/15 levels left

rFire   x . .      SeeInvis .     - Unarmed
rCold   + + +      Faith    .   (shield currently unavailable)
rNeg    . . .      Spirit   .   (body armour currently unavailable)
rPois   +          Reflect  .   (helmet currently unavailable)
rElec   .          Harm     .   (cloak currently unavailable)
rCorr   .          Rampage  .   (gloves currently unavailable)
Will    +....                   (boots currently unavailable)
Stlth   +.........              (no amulet)
HPRegen 0.27/turn               (no ring)
MPRegen 0.28/turn               (no ring)

@: ice-form, wereblooded
A: freezing attack, amphibious, boosted hp, damage resistance, large, (big
wings), sense surroundings 2, magic regeneration, short lifespan
a: End Transformation, Renounce Religion


You were on level 9 of the Dungeon.
You worshipped Ashenzari.
Ashenzari was noncommittal.
You were a creature of crystalline ice.
You visited 1 branch of the dungeon, and saw 9 of its levels.
You also visited: Ossuary.

You collected 366 gold pieces.
You spent 300 gold pieces at shops.

Inventory:

Missiles
 i - 3 boomerangs
Armour
 a - a +0 robe (melded)
 k - a +0 chain mail of fire resistance
 l - a +0 helmet
 n - a +0 cloak
 q - a +0 pair of gloves
 s - a +0 pair of gloves
Wands
 o - a wand of acid (21) {@v1}
 p - a wand of iceblast (6) {@v2}
Scrolls
 e - a scroll of silence {unknown}
 g - 6 scrolls of identify {unknown}
 m - a scroll of amnesia {unknown}
 r - a scroll of teleportation {unknown}
 t - a scroll of torment {unknown}
Potions
 b - 2 potions of curing {unknown}
 c - 3 potions of mutation {unknown}
 d - a potion of heal wounds {unknown}
 f - a potion of cancellation {unknown}
 h - a potion of attraction {unknown}
 j - 2 potions of haste {unknown}
 u - a potion of flight {unknown}
 v - a potion of lignification


   Skills:
 - Level 6.6 Fighting
 * Level 4.0 Dodging
 + Level 9.9 Unarmed Combat
 + Level 3.9 Spellcasting
 - Level 7.0 Transmutations
 - Level 4.1 Ice Magic
 * Level 0.0 Evocations


You had 3 spell levels left.
You knew the following spells:

 Your Spells              Type           Power      Damage    Failure   Level
a - Beastly Appendage     Tmut           60%        N/A       1%          1
b - Wereblood             Tmut           30%        N/A       1%          2
c - Ice Form              Ice/Tmut       24%        N/A       14%         4
d - Blade Hands           Tmut           15%        N/A       22%         5

Your spell library contained the following spells:

 Spells                   Type           Power      Damage    Failure   Level
 Spider Form              Tmut/Pois      17%        N/A       10%         3
 Static Discharge         Conj/Air       3%         N/A       22%         2
 Portal Projectile        Hex/Tloc       6%         N/A       38%         3
 Tukima's Dance           Hex            3%         N/A       38%         3
 Yara's Violent Unravell  Hex/Tmut       8%         3d5       67%         5
 Dispel Undead            Necr           3%         3d7       80%         4
 Passage of Golubria      Tloc           3%         N/A       80%         4
 Sticky Flame             Conj/Fire      3%         2d3       80%         4
 Excruciating Wounds      Necr           1%         N/A       98%         5
 Necromutation            Tmut/Necr      8%         N/A       100%        8
 Shatter                  Erth           1%         3d6*      100%        9


Dungeon Overview and Level Annotations

Branches:
Dungeon (9/15)                Orc (0/2) D:9         Ossuary (visited)
 Temple: D:4-7         Lair: D:8-11

Altars:
Ashenzari
Hepliaklqana
Xom
Yredelemnul

Shops:
D:4 [   D:5 :


Innate Abilities, Weirdness & Mutations

You are a creature of crystalline ice.
You have a powerful freezing melee attack.
You are amphibious.
Your maximum health is increased.
Your armour is entirely melded.
You are incapable of wielding weapons or throwing items.
You are resistant to damage.
((Your large and strong wings let you fly.))
You passively map the area around you.
You regenerate magic rapidly.
You are easily found by Zot.


Message History

You pummel the orc priest!! You freeze the orc priest.
You feel a bit better.
You kill the orc priest!
Something hits you but does no damage.
You punch something! You freeze something.
Something hits you but does no damage.
You closely miss something.
You hear some strange, mumbled words.
Something tries to affect you, but you resist.
You pummel something!! You freeze something.
You feel a bit better.
Reactivating autopickup.
You feel a bit more experienced.
Your Dodging skill increases to level 4!
Things that are here:
a +0 dagger; a +0 robe; an orc corpse Unknown command.
Found a ring mail.
Found a ring mail.
There is a staircase to the Orcish Mines here.
You howl as the wereblood boils in your veins!
Your primal bloodlust is almost over.
Your primal bloodlust has ended.
Your transformation is almost over.
You see here a +0 ring mail.
You warm up again.
Your +0 robe unmelds from your body.
Found a stone staircase leading up.
A wyvern comes into view.
The wyvern hisses angrily.
Casting: Wereblood (safe; 1% risk of failure)
You turn into a creature of crystalline ice.
Your +0 robe melds into your body.
Casting: Ice Form (dangerous; 14% risk of failure)
Your blood is infused with primal strength.
The wyvern bites you!
* * * LOW HITPOINT WARNING * * *
You hit the wyvern. You freeze the wyvern. The wyvern closely misses you.
You barely miss the wyvern. The wyvern bites you!
* * * LOW HITPOINT WARNING * * *
You completely miss the wyvern. The wyvern bites you!
You die...

.........# ,, ,,
..####...# #.# ,* ,
..# #...# #.# *, ..#
#...# #.# * ..#
#...# #.# * ..#
#...######.# , , ..#
#..........# * ,,
..#
*#...####...#######.
#........#
#...Yl<..... , **
#####..#
#........... ,* *
#### #########... ,
*** , ** . , * * * ,
, *, , , , * *, ** ,
,, * , , ,, * ,, *
,* *, ** , *


You could see a wyvern.

Vanquished Creatures
  A water moccasin (D:7)
  3 orc warriors
  A sky beast (D:6)
  A black bear (D:7)
  3 ogres
  A centaur (D:7)
  A phantom (D:7)
  7 wights
  A scorpion (D:6)
  The ghost of Hydra2011 the Grasshopper, a weakling MyWr (D:4)
  A hound (D:6)
  3 jellies
  2 human zombies (Ossuary)
  3 orc priests
  Crazy Yiuf (D:7)
  A gnoll shaman (D:7)
  6 iguanas
  9 orc wizards
  2 mummies (Ossuary)
  8 gnolls
  2 adders
  A white imp (D:6)
  2 worms (D:4)
  A dart slug (D:4)
  16 orcs
  An endoplasm (D:2)
  A giant cockroach (D:4)
  6 gnoll zombies (Ossuary)
  A goblin (D:4)
  A hobgoblin (D:2)
  3 jackals (D:2)
  3 quokkas
  A ball python (D:1)
  A frilled lizard (D:1)
  4 goblin zombies (Ossuary)
  A hobgoblin zombie (Ossuary)
  A kobold (D:4)
  An orc zombie (Ossuary)
103 creatures vanquished.

Notes
Turn   | Place    | Note
-------+----------+-------------------------------------------
     0 | D:1      | iamserjio the Mayflytaur Transmuter began the quest for the
                  | Orb.
     0 | D:1      | Reached XP level 1. HP: 18/18 MP: 5/5
    76 | D:2      | Reached skill level 1 in Ice Magic
    84 | D:2      | Reached XP level 2. HP: 19/25 MP: 4/6
   101 | D:1      | Learned a level 2 spell: Wereblood
   262 | D:5      | Entered Level 5 of the Dungeon
   266 | D:5      | Reached XP level 3. HP: 27/31 MP: 6/8
   313 | D:6      | Reached XP level 4. HP: 38/38 MP: 6/9
   332 | D:6      | Reached XP level 5. HP: 44/44 MP: 8/10
   338 | D:6      | Learned a level 4 spell: Ice Form
   415 | D:6      | Gained mutation: You regenerate magic rapidly. [Mayflytaur
                  | growth]
   415 | D:6      | Reached XP level 6. HP: 32/52 MP: 5/11
   482 | D:6      | Reached skill level 5 in Transmutations
   559 | D:7      | Reached XP level 7. HP: 62/62 MP: 7/12
   598 | D:7      | Reached skill level 5 in Unarmed Combat
   603 | D:7      | Reached XP level 8. HP: 59/73 MP: 13/13
   611 | D:7      | Found a basalt altar of Yredelemnul.
   641 | D:7      | Found a hazy altar of Hepliaklqana.
   666 | D:7      | Found a sand-covered staircase.
   671 | Ossuary  | Entered an ossuary
   776 | Ossuary  | Glimpsed the power of Zot.
   845 | D:7      | Reached skill level 6 in Unarmed Combat
   847 | D:7      | Reached skill level 5 in Fighting
   869 | D:7      | Reached skill level 7 in Unarmed Combat
   890 | D:7      | Found a runed translucent door.
   891 | D:7      | Noticed Crazy Yiuf
   897 | D:7      | Killed Crazy Yiuf
   943 | D:6      | Reached skill level 8 in Unarmed Combat
  1032 | D:4      | Found Xore's Antique Armour Boutique.
  1054 | D:4      | Got Nez Ucle's Collected Works on Transmutation and Stones
  1072 | D:4      | Found a transporter.
  1075 | D:4      | Noticed Hydra2011's ghost (weakling MyWr)
  1082 | D:4      | Found a transporter.
  1092 | D:4      | Reached skill level 9 in Unarmed Combat
  1092 | D:4      | Gained mutation: You passively map the area around you.
                  | [Mayflytaur growth]
  1092 | D:4      | Reached XP level 9. HP: 23/82 MP: 9/14
  1097 | D:4      | Killed Hydra2011's ghost
  1182 | D:5      | Found Giunewim's Book Shop.
  1225 | D:5      | Bought Great Wizards, Vol. VII for 300 gold pieces
  1504 | D:7      | Found a shimmering altar of Xom.
  1505 | D:7      | Found a broken altar of Ashenzari.
  1511 | D:7      | Became a worshipper of Ashenzari the Shackled
  1531 | D:7      | Learned a level 5 spell: Blade Hands
  1560 | D:9      | Found a staircase to the Orcish Mines.
  1645 | D:9      | Slain by a wyvern

Illustrated notes

Levels and vault maps discovered:
D:1:      minmay_arrival_statue_studded, layout_basic,
          shapermc_ecumenical_altar_gd
D:2:      layout_basic
D:3:      layout_loops_corners, mainiacjoe_overflow_small_starburst,
          nicolae_ru_path_of_blood, overflow_temple_1_default
D:4:      layout_basic, nemelex_xobeh_ov_fountains_minmay, temple_green,
          gammafunk_ghost_smash, serial_shops, nicolae_diamond_shop, uniq_robin
D:5:      minmay_spotlight, layout_basic, serial_shops,
          nicolae_shop_statue_plus, gammafunk_ghost_grave
D:6:      layout_basic, nicolae_elevator_lobby_asterisk
D:7:      layout_cave_pools, nzn_hepliaklqana_mist_gate,
          mainiacjoe_overflow_catwalk_spiral, gammafunk_temple_overflow_statue,
          enter_ossuary_2, gammafunk_ghost_hive, minmay_misc_feat_plants,
          grunt_ministairs_14, supply_closet_lemuel, hangedman_feature_mirror,
          hellmonk_guarded_unrand_vines, uniq_crazy_yiuf_cottage
D:8:      layout_loops_ring, zin_purify, ebering_ghost_reflecting_pool,
          uniq_erica
D:9:      nzn_winding_woodlands_three_and_one
          [nzn_winding_woodlands_5x15_zeroes, nzn_winding_woodlands_5x15_twine,
          nzn_winding_woodlands_5x15_sidewinder,
          nzn_winding_woodlands_center_pierced_h], layout_small_grid,
          old_standard_altar, david_orc_3

Skill      XL: |  1  2  3  4  5  6  7  8  9 |
---------------+----------------------------+-----
Ice Magic      | 1 2 3 4 |  4.1
Transmutations | 3 4 5 7 |  7.0
Fighting       | 2 3 4 6 |  6.6
Unarmed Combat | 5 9 |  9.9
Dodging        | 4 |  4.0
Spellcasting   | 3 |  3.9

Action                   |  1- 3 |  4- 6 |  7- 9 || total
-------------------------+-------+-------+-------++-------
Melee: Unarmed           |    34 |    57 |   183 ||   274
       Kick              |     5 |       |       ||     5
       Headbutt          |     6 |       |       ||     6
       Punch             |     1 |       |       ||     1
 Cast: Beastly Appendage |     5 |       |       ||     5
       Wereblood         |     1 |     1 |    10 ||    12
       Ice Form          |       |     3 |    14 ||    17
  Use: Potion            |     1 |       |       ||     1
Armor: Robe              |    12 |       |       ||    12
       Skin              |     1 |    17 |    70 ||    88
Dodge: Dodged            |    27 |    20 |    73 ||   120

Table legend: (Time is in decaauts)
 A = Elapsed time spent in this place.
 B = Non-inter-level travel time spent in this place.
 C = Inter-level travel time spent in this place.
 D = Time resting spent in this place.
 E = Time spent auto-exploring this place.
 F = Levels seen in this place.
 G = Mean time per level.
                   A        B        C        D        E       F      G
               +--------+--------+--------+--------+--------+-----+--------+
         Total |   1619 |   1418 |    201 |      3 |      0 |  10 |  161.9 |
       Dungeon |   1500 |   1299 |    201 |      3 |      0 |   9 |  166.7 |
       Ossuary |    119 |    119 |      0 |      0 |      0 |   1 |  119.0 |
               +--------+--------+--------+--------+--------+-----+--------+

Top non-repeatable levels by time:
     D:6: 488 daAuts
     D:7: 284 daAuts
     D:5: 222 daAuts
     D:4: 196 daAuts
 Ossuary: 119 daAuts
     D:9: 94 daAuts
     D:2: 90 daAuts
     D:3: 59 daAuts
     D:1: 49 daAuts
     D:8: 14 daAuts
